 Dungeon Crawl Stone Soup version 0.32-a0-329-ge6c31236d6 (webtiles) character file.

Game seed: 14743324995625937839

3286 S4ndwich the Cleaver (level 9, -7/118 HPs)
             Began as a Minotaur Fighter on Feb 13, 2024.
             Killed by vampiric draining
             ... invoked by a vampire
              (14 damage)
             ... on level 6 of the Dungeon on Feb 16, 2024.
             The game lasted 02:12:21 (6567 turns).

S4ndwich the Cleaver (Minotaur Fighter)             Turns: 6567, Time: 02:12:22

Health: -7/118     AC: 16    Str: 25    XL:     9   Next: 69%
Magic:  0/8        EV:  7    Int:  5    God:
Gold:   294        SH:  5    Dex: 10    Spells: 8/8 levels left

rFire   . . .        x - +0 war axe
rCold   . . .        c - +0 buckler
rNeg    . . .        E - +0 plate armour
rPois   .            (helmet restricted)
rElec   .            m - +0 cloak
rCorr   .            (no gloves)
SInv    .            J - +0 pair of boots
Will    .....        h - amulet of guardian spirit Stlth
                     (no ring)
HPRegen 0.39/turn    (no ring)
MPRegen 0.11/turn

%: guardian spirit
@: berserking, very quick
A: horns 2, retaliatory headbutt
a: no special abilities


You were on level 6 of the Dungeon.
You visited 2 branches of the dungeon, and saw 7 of its levels.

You collected 294 gold pieces.

Inventory:

Hand Weapons
 b - a +0 whip of flaming
 l - a +0 spear
 q - a +0 flail
 r - a +2 spectral club
 s - a +0 dagger of electrocution
 x - a +0 war axe (weapon)
 B - a +0 shortbow
 C - a +0 short sword of protection
Missiles
 o - 14 poisoned darts (quivered)
 D - 2 throwing nets
Armour
 c - a +0 buckler (worn)
 m - a +0 cloak (worn)
 t - a +0 helmet
 y - +0 steam dragon scales
 E - a +0 plate armour (worn)
 F - a +1 leather armour of fire resistance
 J - a +0 pair of boots (worn)
Jewellery
 h - an amulet of guardian spirit (around neck)
Talismans
 j - a beast talisman
Wands
 H - a wand of mindburst (6)
Scrolls
 d - a scroll of vulnerability {unknown}
 e - 2 scrolls of acquirement {unknown}
 f - a scroll of noise {unknown}
 g - a scroll of fear {unknown}
 i - 2 scrolls of torment {unknown}
 k - a scroll of enchant armour {unknown}
 n - a scroll of revelation
 p - 2 scrolls of immolation
 v - 4 scrolls of identify
 K - 3 scrolls of brand weapon {unknown}
Potions
 a - a potion of mutation {unknown}
 u - 2 potions of curing {unknown}
 z - 2 potions of enlightenment
 A - a potion of lignification {unknown}
 G - 2 potions of haste {unknown}
 I - a potion of degeneration {unknown}


   Skills:
 + Level 7.1 Fighting
 + Level 3.5 Long Blades
 + Level 8.7(9.3) Axes
 + Level 4.0(6.9) Maces & Flails
 + Level 2.7(6.2) Polearms
 + Level 2.6 Throwing
 + Level 8.3 Armour
 + Level 2.4 Dodging
 + Level 0.2 Stealth
 + Level 6.2 Shields
 + Level 2.7 Evocations


You had 8 spell levels left.
You didn't know any spells.
Your spell library was empty.

Dungeon Overview and Level Annotations

Branches:
Dungeon (6/15)             Temple (1/1) D:4

Altars:
Ashenzari
Dithmenos
Elyvilon
Fedhas
Gozag
Hepliaklqana
Kikubaaqudgha
Makhleb
Nemelex Xobeh
Okawaru
Qazlal
Sif Muna
Uskayaw
Wu Jian
Xom
Yredelemnul
Zin
The Shining One

Annotations:
D:6 3 runed translucent doors, timneilson's ghost, novice OpSh


Innate Abilities, Weirdness & Mutations

You have a pair of horns on your head.
You reflexively headbutt those who attack you in melee.


Message History

You feel less confused. Something hits you but does no damage.
You block something's attack.
You hear some strange, mumbled words.
You are confused.
There is an open door here.
Okay, then.
You are too confused!
Something hits you but does no damage. Something bites you but does no damage.
Something hits you but does no damage. Something bites you!
Something draws strength from your injuries!
You feel less confused. Something hits you but does no damage.
Something bites you but does no damage.
You hit something. You headbutt something. Something hits you.
You block something's attack.
You miss something. Something hits you. Something bites you!
Something draws strength from your injuries!
You slash something! You headbutt something.
Something draws life force from you! Something hits you but does no damage.
Something bites you but does no damage.
You barely miss something. Something hits you but does no damage.
Something bites you but does no damage.
You hit something. Your headbutt misses something. Something hits you.
You block something's attack.
You slash something! Something draws life force from you!
You hit something. Something hits you. Something bites you but does no damage.
You hit something but do no damage. Something draws life force from you!
* * * LOW HITPOINT WARNING * * *
A red film seems to cover your vision as you go berserk!
You feel yourself moving faster!
You feel mighty! Something hits you but does no damage. Something bites you.
* * * LOW HITPOINT WARNING * * *
Something draws strength from your injuries!
You hit something but do no damage. Something hits you!
* * * LOW HITPOINT WARNING * * *
Something bites you!
* * * LOW HITPOINT WARNING * * *
Something draws strength from your injuries!
You closely miss something. Your headbutt misses something. You hit something.
Something draws life force from you!
You die...

...........## .............
#...#####.<.#####.............
##.# ##.##...##......#..... ##
###.....##...###.....
#.......#...# ###... #...
#.......#...# ##.# #...
#.......#...## #.# #...
##.....##....# ###.. #..
##@{.##.....###.#..
#####'#######'##.............
.............................
...........)..........#......
....()(((..).)....#.###...(..
#####'#######†##..####....#..
#. ##...##.# #.#>##.. #.
##.....### #.##.... #.
#.......# .. .....


There were no monsters in sight!

Vanquished Creatures
  Pikel (D:4)
  The ghost of DeathSocks the Slasher, a novice DsGl (D:5)
  Eustachio (D:4)
  A steam dragon (D:5)
  Menkaure (D:4)
  3 ice beasts
  2 sky beasts (D:6)
  An ogre (D:5)
  A centaur (D:6)
  2 lemures (D:4)
  3 scorpions
  A gnoll sergeant (D:5)
  5 killer bees (D:5)
  5 bombardier beetles
  2 hounds (D:5)
  A gnoll bouda (D:6)
  A sleepcap (D:6)
  Jessica (D:3)
  An orc wizard (D:6)
  7 iguanas
  Robin (D:3)
  15 gnolls
  11 adders
  4 white imps
  3 ufetubi
  2 dart slugs
  4 ribbon worms
  12 orcs
  6 ball pythons
  5 endoplasms
  6 giant cockroaches
  7 hobgoblins
  3 jackals (D:2)
  5 kobolds
  2 quokkas
  8 bats
  A frilled lizard (D:1)
  19 goblins
  2 goblin skeletons (D:5)
  7 hobgoblin zombies (D:5)
  A kobold zombie (D:5)
  An orc skeleton (D:5)
  An orc zombie (D:5)
  2 rats
169 creatures vanquished.

Vanquished Creatures (others)
  An orc wizard (D:5)
1 creature vanquished.

Grand Total: 170 creatures vanquished

Notes
Turn   | Place    | Note
-------+----------+-------------------------------------------
     0 | D:1      | S4ndwich the Minotaur Fighter began the quest for the Orb.
     0 | D:1      | Reached XP level 1. HP: 19/19 MP: 0/0
   201 | D:1      | Reached XP level 2. HP: 22/27 MP: 1/1
   453 | D:1      | Reached XP level 3. HP: 33/33 MP: 2/2
  1162 | D:2      | Reached XP level 4. HP: 41/41 MP: 3/3
  1240 | D:2      | Found a faded altar of an unknown god.
  1828 | D:3      | Noticed Jessica
  1852 | D:3      | Killed Jessica
  1853 | D:3      | Reached skill level 1 in Polearms
  1853 | D:3      | Reached XP level 5. HP: 31/47 MP: 4/4
  2177 | D:3      | Upgraded the game from 0.32-a0-290-g598725c5f2 to
                  | 0.32-a0-306-gfed3edf829
  2219 | D:3      | Noticed Robin
  2264 | D:3      | Killed Robin
  2643 | D:3      | Found a blossoming altar of Fedhas.
  2701 | D:4      | Reached skill level 5 in Armour
  2776 | D:5      | Entered Level 5 of the Dungeon
  2810 | D:4      | Reached skill level 1 in Throwing
  2838 | D:4      | Noticed Menkaure
  2952 | D:5      | Found a runed translucent door.
  2952 | D:5      | Noticed a steam dragon
  2958 | D:5      | Noticed DeathSocks's ghost (novice DsGl)
  2962 | D:5      | Reached XP level 6. HP: 53/55 MP: 5/5
  2968 | D:5      | Reached skill level 1 in Maces & Flails
  2971 | D:5      | Killed a steam dragon
  2972 | D:5      | Reached skill level 1 in Dodging
  2979 | D:5      | Reached skill level 5 in Fighting
  2979 | D:5      | Reached skill level 5 in Shields
  2983 | D:5      | Reached XP level 7. HP: 48/61 MP: 4/6
  3321 | D:4      | Noticed Pikel
  3349 | D:4      | Killed Pikel
  3350 | D:4      | Reached skill level 1 in Evocations
  3350 | D:4      | Reached XP level 8. HP: 39/69 MP: 3/7
  3788 | D:4      | Killed Menkaure
  3791 | D:4      | Found a staircase to the Ecumenical Temple.
  3840 | Temple   | Entered the Ecumenical Temple
  4219 | D:4      | Upgraded the game from 0.32-a0-306-gfed3edf829 to
                  | 0.32-a0-314-g526f7d4993
  4338 | D:4      | Found an ancient bone altar of Kikubaaqudgha.
  4342 | D:4      | Noticed Eustachio
  4352 | D:4      | Killed Eustachio
  4415 | D:4      | Reached skill level 5 in Axes
  5172 | D:5      | Found a glowing golden altar of the Shining One.
  5280 | D:5      | Killed DeathSocks's ghost
  5281 | D:5      | Reached XP level 9. HP: 50/77 MP: 5/8
  5986 | D:5      | Upgraded the game from 0.32-a0-314-g526f7d4993 to
                  | 0.32-a0-329-ge6c31236d6
  6215 | D:6      | Found a runed translucent gate.
  6215 | D:6      | Found a runed translucent gate.
  6256 | D:6      | Found a runed translucent gate.
  6259 | D:6      | Noticed timneilson's ghost (novice OpSh)
  6567 | D:6      | Killed from afar by a vampire

Illustrated notes

Levels and vault maps discovered:
D:1:      lightli_arrival_boilingwater, layout_basic, reono_crystal_passage
D:2:      layout_basic, hellmonk_ecumenical_altar_heavens_door
D:3:      layout_basic, mainiacjoe_overflow_alcove_2,
          kennysheep_generic_room_16, uniq_jessica, uniq_robin
D:4:      layout_basic, lemuel_doored_altar, minmay_temple_entry_junction,
          kennysheep_decorative_pillar, uniq_menkaure, uniq_eustachio,
          uniq_pikel
D:5:      layout_basic, nicolae_tso_besieged_by_evil, ebering_ghost_sewer_d,
          amcnicky_mini_pool_medium
D:6:      kennysheep_six_static_rooms, layout_cave_pools, serial_column_ruins,
          column_ruins_hut, column_ruins_columns_dead_end,
          column_ruins_columns_straight, column_ruins_grid_1,
          column_ruins_open_small, column_ruins_open_tiny_water,
          gammafunk_ghost_split, amcnicky_mini_pool_small
Temple:   bh_familiar_temple

Skill      XL: |  1  2  3  4  5  6  7  8  9 |
---------------+----------------------------+-----
Fighting       | 4 5 6 7 |  7.1
Shields        | 4 5 6 |  6.2
Armour         | 4 5 6 7 8 |  8.3
Long Blades    | 3 |  3.5
Polearms       | 1 2 |  2.7
Throwing       | 1 2 |  2.6
Maces & Flails | 2 4 |  4.0
Dodging        | 1 2 |  2.4
Axes           | 2 7 8 |  8.7
Evocations     | 1 2 |  2.7
Stealth        | |  0.2

Action                     |  1- 3 |  4- 6 |  7- 9 || total
---------------------------+-------+-------+-------++-------
  Melee: Long sword        |    35 |       |       ||    35
         Headbutt          |     8 |    23 |    41 ||    72
         Spear             |    40 |    64 |       ||   104
         Flail             |       |    61 |       ||    61
         War axe           |       |       |   297 ||   297
         Short sword       |       |       |    13 ||    13
  Throw: Javelin           |     4 |    11 |       ||    15
         Dart              |       |       |    21 ||    21
  Evoke: Wand              |       |     5 |    21 ||    26
    Use: Potion            |       |     1 |     4 ||     5
         Scroll            |       |       |     4 ||     4
 Armour: Scale mail        |    51 |    18 |       ||    69
         Chain mail        |       |    98 |    83 ||   181
         Plate armour      |       |       |   246 ||   246
  Dodge: Dodged            |    19 |    52 |    93 ||   164
  Block: Buckler           |     9 |    38 |    80 ||   127

Table legend: (Time is in decaauts)
 A = Elapsed time spent in this place.
 B = Non-inter-level travel time spent in this place.
 C = Inter-level travel time spent in this place.
 D = Time resting spent in this place.
 E = Time spent auto-exploring this place.
 F = Levels seen in this place.
 G = Mean time per level.
                   A        B        C        D        E       F      G
               +--------+--------+--------+--------+--------+-----+--------+
         Total |   6690 |   5312 |   1378 |   1230 |   2011 |   7 |  955.7 |
       Dungeon |   6340 |   4990 |   1350 |   1130 |   2011 |   6 | 1056.7 |
        Temple |    350 |    322 |     28 |    100 |      0 |   1 |  350.0 |
               +--------+--------+--------+--------+--------+-----+--------+

Top non-repeatable levels by time:
     D:5: 1562 daAuts
     D:4: 1496 daAuts
     D:1: 1136 daAuts
     D:3: 919 daAuts
     D:2: 680 daAuts
     D:6: 545 daAuts
  Temple: 350 daAuts
